Map: [ESL] Site Delta

Players

Firefly - Winner!

  • Race: Protoss Protoss
  • Spawn Location: 5:00

Coffee

  • Race: Terran Terran
  • Spawn Location: 11:00

Event: ESL SC2 Masters 2023 Winter (Regional)

VOD

Have the link to the VOD?

Description

Time

  • Played on: Nov. 10, 2023, 6:55 a.m.
  • Length: 10:40

All games in this series

Show
View Real Time Build Order
Export as new Build Order

Firefly Protoss - Winner!

Build Orders: 1 Gate Expand, Phoenix Opening, Blink Stalkers 

Get SALT Encoding   

  12  0:00  Probe  
  13  0:12  Probe  
  14  0:17  Pylon  
  14  0:24  Probe  
  15  0:36  Gateway  
  15  0:38  Probe (Chrono Boost)  
  16  0:47  Assimilator, Probe (Chrono Boost)  
  17  0:52  Probe (Chrono Boost)  
  19  1:04  Probe  
  19  1:16  Probe  
  20  1:24  Cybernetics Core  
  20  1:34  Nexus  
  20  1:39  Pylon  
  20  1:43  Probe  
  21  1:48  Assimilator  
  21  1:55  Probe  
  21  1:57  Adept (Chrono Boost)  
  21  2:00  Warp Gate  
  24  2:07  Probe  
  25  2:19  Probe  
  25  2:20  Adept  
  28  2:33  Probe  
  28  2:35  Gateway  
  29  2:37  Twilight Council  
  29  2:45  Probe  
  29  2:49  Probe  
  31  2:58  Probe  
  32  3:02  Probe  
  33  3:08  Blink (Chrono Boost)  
  33  3:11  Gateway  
  34  3:14  Sentry  
  36  3:20  Pylon, Probe  
  36  3:27  Probe  
  36  3:32  Probe  
  38  3:40  Gateway  
  38  3:42  Probe  
  38  3:46  Pylon, Probe  
  40  3:49  Phoenix  
  40  3:51  Stalker  
  40  3:52  Stalker  
  44  3:56  Probe  
  44  3:58  Probe  
  46  4:08  Probe  
  47  4:10  Probe  
  47  4:12  Robotics Facility  
  47  4:16  Stalker x2  
  52  4:20  Probe  
  52  4:22  Probe, Pylon  
  54  4:40  Probe  
  54  4:41  Probe  
  54  4:42  Nexus, Shield Battery  
  56  4:52  Assimilator, Probe  
  57  4:53  Shield Battery, Probe  
  58  5:00  Stalker  
  58  5:04  Probe  
  58  5:05  Probe  
  62  5:10  Forge  
  62  5:11  Observer (Chrono Boost)  
  63  5:17  Probe x2 (Chrono Boost)  
  65  5:23  Stalker x2  
  65  5:27  Pylon  
  70  5:32  Pylon  
  70  5:35  Stalker  
  69  5:36  Shield Battery  
  69  5:38  Shield Battery  
  69  5:41  Observer  
  70  5:46  Stalker x2  
  70  5:47  Stalker  
  76  5:53  Probe x2  
  76  5:55  Probe  
  77  6:01  Stalker  
  79  6:09  Stalker  
  79  6:11  Stalker  
  81  6:13  Stalker  
  71  6:20  Probe  
  71  6:21  Protoss Ground Weapons Level 1 (Chrono Boost)  
  71  6:24  Probe x2  
  72  6:26  Charge  
  72  6:30  Gateway  
  72  6:31  Gateway  
  72  6:32  Probe  
  73  6:35  Gateway x2  
  73  6:38  Stalker  
  73  6:39  Stalker  
  77  6:50  Probe  
  77  6:51  Probe  
  77  6:52  Probe  
  77  6:53  Pylon  
  80  6:55  Sentry  
  80  6:56  Zealot  
  80  6:57  Pylon  
  80  7:00  Pylon  
  84  7:04  Pylon  
  84  7:10  Warp Prism (Chrono Boost), Pylon  
  84  7:12  Zealot x2  
  90  7:19  Gateway  
  90  7:21  Pylon  
  90  7:23  Pylon  
  90  7:24  Photon Cannon  
  90  7:25  Stalker x2  
  90  7:28  Photon Cannon  
  94  7:30  Stalker  
  96  7:40  Stalker x3  
  99  7:52  Probe x2  
  99  7:54  Stalker  
  99  7:58  Protoss Ground Armor Level 1 (Chrono Boost)  
  103  8:01  Immortal (Chrono Boost)  
  107  8:16  Sentry  
  107  8:17  Zealot x7  
  123  8:22  Zealot  
  122  8:39  Probe  
  123  8:42  Zealot x3  
  123  8:43  Zealot x5, Forge  
  123  8:45  Zealot  
  141  8:50  Observer  
  142  8:56  Nexus  
  142  9:09  Sentry, Zealot x5  
  152  9:12  Pylon  
  152  9:22  Zealot x2  
  156  9:31  Pylon  
  156  9:36  Observer  
  150  9:50  Stalker x7  
  154  9:57  Zealot x2, Warp Prism  
  108  10:14  Zealot x6  
  108  10:15  Zealot  
  92  10:27  Stalker  
  92  10:28  Stalker  
  87  10:38  Stalker  
Show
View Real Time Build Order
Export as new Build Order

Coffee Terran 

Build Orders: Reaper Expand 

Get SALT Encoding   

  12  0:00  SCV  
  13  0:12  SCV  
  14  0:17  Supply Depot  
  14  0:24  SCV  
  15  0:38  SCV  
  15  0:39  Barracks  
  16  0:43  Refinery  
  16  0:51  SCV  
  17  1:03  SCV  
  18  1:15  SCV  
  19  1:27  Reaper  
  19  1:28  Orbital Command  
  20  1:40  Command Center  
  20  1:47  Supply Depot  
  20  1:54  SCV  
  20  1:58  Marine  
  22  2:06  SCV  
  23  2:09  Factory  
  23  2:14  Bunker  
  23  2:18  SCV  
  23  2:22  Barracks Reactor  
  24  2:31  SCV  
  25  2:41  Refinery  
  25  2:43  SCV  
  26  2:52  Orbital Command  
  26  2:54  Hellion  
  26  2:56  SCV  
  26  2:58  Starport  
  29  3:00  Marine  
  29  3:01  Marine  
  31  3:08  SCV  
  32  3:15  Factory Tech Lab  
  32  3:18  Marine x2  
  32  3:19  SCV  
  35  3:25  SCV  
  36  3:32  SCV  
  36  3:34  Starport Tech Lab, Supply Depot  
  36  3:36  Marine  
  36  3:37  Siege Tank  
  40  3:43  SCV  
  40  3:44  SCV  
  40  3:48  Supply Depot  
  40  3:53  Banshee  
  43  3:57  Barracks, SCV x2  
  43  4:01  Marine x2  
  47  4:09  SCV x2  
  49  4:12  Supply Depot  
  49  4:16  Siege Tank  
  52  4:19  Marine x2  
  52  4:24  SCV x2  
  56  4:27  Supply Depot, Engineering Bay  
  56  4:31  Refinery  
  56  4:38  Marine x2  
  56  4:40  SCV x2  
  60  4:49  Siege Tank  
  64  4:52  SCV  
  64  4:53  SCV  
  64  4:54  Supply Depot  
  65  5:03  Barracks, Stimpack  
  65  5:04  Marine x3  
  65  5:05  SCV x2  
  70  5:14  Supply Depot  
  70  5:15  Refinery  
  69  5:25  Starport Reactor  
  69  5:26  SCV x2  
  71  5:33  Factory Reactor, Marine  
  71  5:34  Marine x2  
  74  5:36  Terran Infantry Weapons Level 1  
  74  5:38  Supply Depot, SCV x2  
  76  5:45  Supply Depot  
  74  5:59  Marauder x2  
  74  6:03  Marine x2  
  74  6:04  Command Center  
  75  6:14  Medivac x2  
  68  6:20  Marauder x2  
  68  6:22  Marine x2  
  68  6:23  SCV, Widow Mine x2  
  68  6:24  SCV  
  72  6:29  Armory  
  72  6:38  Barracks  
  72  6:40  Barracks  
  72  6:43  Marauder x2  
  72  6:45  Combat Shield  
  74  6:53  Widow Mine x2  
  78  6:55  Medivac  
  78  6:56  Marine, Medivac  
  78  6:59  SCV x2  
  85  7:05  Marauder x2  
  88  7:12  Marine  
  88  7:14  SCV x2  
  91  7:17  Orbital Command  
  91  7:27  Marauder, Marine  
  91  7:28  Marauder  
  91  7:29  Barracks Reactor, Barracks Tech Lab, Widow Mine x2  
  100  7:31  SCV x2  
  100  7:32  Medivac  
  104  7:43  Medivac  
  106  7:44  SCV  
  106  7:47  Marine x2  
  106  7:48  SCV, Marauder  
  106  7:49  SCV  
  111  7:52  Marauder x2  
  111  7:53  Widow Mine  
  111  7:55  Terran Infantry Armor Level 1  
  115  8:02  Ghost Academy  
  113  8:10  Marine x4  
  113  8:11  Widow Mine  
  120  8:14  Widow Mine  
  120  8:16  Supply Depot x2  
  121  8:21  Marauder x2  
  121  8:27  Marauder, Supply Depot  
  123  8:36  Widow Mine  
  123  8:38  Marine x3, Widow Mine  
  123  8:41  Supply Depot x2  
  130  8:46  Viking x2  
  134  8:50  Ghost  
  134  8:53  Ghost  
  134  8:54  Ghost  
  138  8:58  Concussive Shells  
  138  9:03  Marine x4  
  140  9:11  Widow Mine x2  
  140  9:16  SCV x2  
  146  9:22  Marauder x2  
  150  9:30  Orbital Command, Marine x3  
  150  9:31  Marine  
  152  9:48  Marauder, Marine  
  152  9:49  Marauder  
  154  9:53  Marine x2, SCV x2  
  154  9:54  Widow Mine x2, Medivac  
  154  9:56  SCV  
  165  10:05  SCV x2  
  149  10:09  Marine x2  
  149  10:11  Marine  
  149  10:12  Marauder  
  149  10:13  Marauder, Marine  
  149  10:14  Marauder  
  137  10:17  SCV x2  
Tags
 
Add a new tag
Caveats
  • Supply blocks, unpowered buildings, or Contaminate may cause inaccurate times.
  • Supply counts are checked every 10 seconds.